 Dungeon Crawl Stone Soup version 0.29.1-2-gbd0b4ee654 (webtiles) character file.

Game seed: 3049232417500426331

15861 KamiKatze the Cleaver (level 12, -3/77 HPs)
             Began as a Gargoyle Fighter on Nov 17, 2022.
             Was a Priest of Trog.
             Slain by a shadow (9 damage)
             ... on level 11 of the Dungeon on Nov 18, 2022.
             The game lasted 00:38:29 (12215 turns).

KamiKatze the Cleaver (Gargoyle Fighter)           Turns: 12215, Time: 00:38:29

Health: -3/77      AC: 23    Str: 22    XL:     12   Next: 31%
Magic:  21/21      EV: 12    Int: 10    God:    Trog [***...]
Gold:   963        SH:  7    Dex: 11    Spells: 11/11 levels left

rFire   . . .      SeeInvis .   b - +1 war axe
rCold   . . .      Faith    .   S - +2 buckler
rNeg    + . .      Spirit   .   d - +0 scale mail
rPois   ∞          Reflect  .   p - +1 helmet
rElec   +          Harm     .   (no cloak)
rCorr   +          Rampage  .   i - +0 pair of gloves
Will    .....                   q - +1 pair of boots
Stlth   ..........              (no amulet)
HPRegen 0.22/turn               v - ring of resist corrosion
MPRegen 0.17/turn               E - ring of magical power

@: studying Necromancy
A: sickness immunity, AC +8, negative energy resistance 1, electricity
resistance, torment resistance 1, petrification resistance
a: Renounce Religion, Berserk, Trog's Hand


You were on level 11 of the Dungeon.
You worshipped Trog.
Trog was most pleased with you.
You visited 2 branches of the dungeon, and saw 13 of its levels.

You collected 963 gold pieces.

Inventory:

Hand Weapons
 a - a +2 hand axe of electrocution
 b - a +1 war axe (weapon)
 w - a +2 trident of protection
 D - a +0 flail
 G - a +0 battleaxe
Missiles
 x - 36 poisoned darts (quivered)
 F - a curare-tipped dart
 P - 5 throwing nets
Armour
 d - a +0 scale mail (worn)
 e - the +0 pair of gloves of the Doldrums {rF- Dex+6 Slay+2 Stlth+}
   (You found it on level 10 of the Dungeon)

   Dex:       It affects your dexterity (+6).
   Slay:      It affects your accuracy & damage with ranged weapons and melee
   (+2).
   rF:        It makes you vulnerable to fire.
   Stlth:     It makes you more stealthy.
 h - a +0 chain mail
 i - a +0 pair of gloves (worn)
 p - a +1 helmet (worn)
 q - a +1 pair of boots (worn)
 r - a +1 ring mail of poison resistance
 N - a +0 plate armour
 S - a +2 buckler (worn)
Jewellery
 v - a ring of resist corrosion (left hand)
 E - a ring of magical power (right hand)
 M - a ring of fire
Wands
 s - a wand of quicksilver (15)
 y - a wand of flame (40)
 H - a wand of iceblast (5)
 Q - a wand of mindburst (6)
 R - a wand of polymorph (10)
 T - a wand of charming (6)
Scrolls
 c - a scroll of torment {unknown}
 f - 3 scrolls of enchant armour
 g - a scroll of poison
 m - a scroll of vulnerability
 n - 2 scrolls of summoning {unknown}
 o - a scroll of blinking
 u - 4 scrolls of teleportation
 z - 3 scrolls of enchant weapon
 A - 6 scrolls of magic mapping
 I - a scroll of brand weapon
 O - 2 scrolls of immolation {unknown}
Potions
 j - 3 potions of attraction
 k - 3 potions of mutation
 t - 3 potions of curing
 B - 2 potions of invisibility
 C - 4 potions of flight
 J - a potion of lignification
 K - a potion of magic
 L - a potion of cancellation {unknown}


   Skills:
 + Level 10.0 Fighting
 * Level 11.3 Axes
 - Level 2.0 Throwing
 + Level 10.0 Armour
 + Level 7.0 Dodging
 - Level 5.0 Shields
 - Level 3.0 Evocations


You had 11 spell levels left.
You didn't know any spells.
Your spell library contained the following spells:

 Spells                   Type           Power      Damage    Failure   Level
 Blink                    Tloc           0%         N/A       86%         2
 Lesser Beckoning         Tloc           0%         N/A       97%         3
 Manifold Assault         Tloc           0%         N/A       100%        5


Dungeon Overview and Level Annotations

Branches:
Dungeon (12/15)            Temple (1/1) D:7
   Lair: D:8-11         Orc: D:9-12

Altars:
Ashenzari
Cheibriados
Dithmenos
Elyvilon
Fedhas
Gozag
Hepliaklqana
Kikubaaqudgha
Makhleb
Nemelex Xobeh
Okawaru
Qazlal
Ru
Sif Muna
Trog
Uskayaw
Vehumet
Wu Jian
Xom
Yredelemnul
Zin
The Shining One

Shops:
D:5 :

Annotations:
D:1 Dig path to exit somehow (2x)
D:9 4 runed translucent doors, exclusion: 4 doors


Innate Abilities, Weirdness & Mutations

You are immune to sickness and miasma.
Your stone body is resilient. (AC +8)
You are immune to poison.
You resist negative energy. (rN+)
You are resistant to electric shocks. (rElec)
You are resistant to unholy torment.
You are immune to petrification.


Message History

You slash the centaur warrior zombie!
You destroy the centaur warrior zombie!
Trog accepts your kill.
Your Fighting skill increases to level 10!
No target in view!
A shadow is nearby!
The shadow slips into darkness.
The shadow flickers and vanishes!
Deactivating autopickup; reactivate with Ctrl-A.
No target in view!
No target in view!
No target in view!
The shadow strikes at you from the darkness!
Reactivating autopickup.
The shadow closely misses you.
You completely miss the shadow.
The shadow slips into darkness.
The shadow flickers and vanishes!
Deactivating autopickup; reactivate with Ctrl-A.
You slash something!
The shadow strikes at you from the darkness!
* * * LOW HITPOINT WARNING * * *
Reactivating autopickup.
You closely miss the shadow.
The shadow is heavily damaged.
The shadow hits you.
* * * LOW HITPOINT WARNING * * *
You slash the shadow!
The shadow is almost destroyed.
The shadow slips into darkness.
The shadow flickers and vanishes!
Deactivating autopickup; reactivate with Ctrl-A.
You closely miss something.
The shadow strikes at you from the darkness!
* * * LOW HITPOINT WARNING * * *
Reactivating autopickup.
You hit the shadow but do no damage.
The shadow is almost destroyed.
The shadow hits you!
You die...

## #..
##.#####
#.....<#
#..$...#
#^.....#
##..8..#
#...W.#
#....@#
#.#..........
#.######.####
#. #


You could see a shadow.

Vanquished Creatures
  2 boulder beetles (D:9)
  Harold (D:9)
  2 two-headed ogres
  Pikel (D:7)
  An ugly thing (D:11)
  2 centaur zombies (D:11)
  2 gargoyles
  3 kobold demonologists
  2 trolls (D:10)
  A hornet (D:8)
  3 vampires
  3 shadows
  A wyvern (D:9)
  2 wraiths
  14 yaks
  Grum (D:10)
  2 steam dragons
  An acid dragon (D:9)
  Duvessa (D:3)
  3 water moccasins
  3 ice beasts
  A sky beast (D:7)
  4 ogres
  4 orc warriors
  2 black bears (D:7)
  3 wolves (D:10)
  4 centaurs
  2 lemures (D:7)
  5 kobold brigands
  2 phantoms (D:7)
  6 bullfrogs
  3 gnoll sergeants
  2 necrophages (D:7)
  3 scorpions
  Dowan (D:3)
  11 killer bees
  7 howler monkeys
  A gnoll bouda (D:6)
  4 hounds
  An orc priest (D:7)
  3 jellies
  Jessica (D:3)
  2 iguanas
  9 orc wizards
  Natasha (thrice) (D:3)
  Robin (D:2)
  20 gnolls
  8 adders
  A shadow imp (D:7)
  4 white imps
  2 ufetubi
  3 worms
  2 dart slugs
  22 orcs
  7 bats
  7 endoplasms
  4 giant cockroaches
  14 goblins
  6 hobgoblins
  8 jackals
  24 kobolds
  6 ball pythons
  2 frilled lizards
  4 rats (D:1)
280 creatures vanquished.

Notes
Turn   | Place    | Note
-------+----------+-------------------------------------------
     0 | D:1      | KamiKatze the Gargoyle Fighter began the quest for the Orb.
     0 | D:1      | Reached XP level 1. HP: 14/14 MP: 1/1
    29 | D:1      | Found a faded altar of an unknown god.
   253 | D:1      | Reached skill level 2 in Axes
   277 | D:1      | Reached XP level 2. HP: 12/19 MP: 2/2
   826 | D:1      | Reached XP level 3. HP: 23/23 MP: 3/3
  1073 | D:2      | Found a sparkling altar of Nemelex Xobeh.
  1267 | D:2      | Reached XP level 4. HP: 28/28 MP: 4/4
  1556 | D:2      | Noticed Robin
  1771 | D:2      | Killed Robin
  2001 | D:3      | Noticed Jessica
  2011 | D:3      | Killed Jessica
  2012 | D:3      | Reached skill level 1 in Dodging
  2012 | D:3      | Reached XP level 5. HP: 29/33 MP: 5/5
  2030 | D:3      | Reached skill level 3 in Axes
  2178 | D:3      | Found a shadowy altar of Dithmenos.
  2278 | D:3      | Noticed Natasha
  2290 | D:3      | Killed Natasha
  2707 | D:3      | Noticed Natasha
  2723 | D:3      | Killed Natasha
  2724 | D:3      | Reached XP level 6. HP: 26/38 MP: 6/6
  2800 | D:3      | Noticed Natasha
  2807 | D:3      | Killed Natasha
  3238 | D:4      | Reached skill level 5 in Shields
  3261 | D:4      | Reached skill level 1 in Throwing
  3320 | D:4      | Noticed Duvessa
  3328 | D:4      | Noticed Dowan
  3348 | D:3      | Killed Duvessa
  3348 | D:3      | Killed Dowan
  3349 | D:3      | Reached skill level 4 in Axes
  3349 | D:3      | Reached skill level 1 in Evocations
  3349 | D:3      | Reached XP level 7. HP: 20/44 MP: 7/7
  3372 | D:4      | Found a stormy altar of Qazlal.
  3558 | D:5      | Entered Level 5 of the Dungeon
  3853 | D:5      | Found a glowing golden altar of the Shining One.
  3854 | D:5      | Found an ancient bone altar of Kikubaaqudgha.
  3855 | D:5      | Found a blossoming altar of Fedhas.
  3855 | D:5      | Found a broken altar of Ashenzari.
  3856 | D:5      | Found a hazy altar of Hepliaklqana.
  3856 | D:5      | Found a radiant altar of Vehumet.
  3946 | D:5      | Reached XP level 8. HP: 46/48 MP: 8/8
  3952 | D:5      | Reached skill level 5 in Fighting
  3952 | D:5      | Reached skill level 5 in Armour
  4099 | D:5      | Found Rodyul's Self-Improvement Boutique.
  4211 | D:6      | Reached skill level 5 in Axes
  5091 | D:6      | Found an opulent altar of Gozag.
  5180 | D:6      | Reached XP level 9. HP: 55/55 MP: 9/9
  5536 | D:6      | Reached skill level 6 in Axes
  5939 | D:7      | Found a staircase to the Ecumenical Temple.
  5948 | Temple   | Entered the Ecumenical Temple
  5975 | Temple   | Became a worshipper of Trog the Wrathful
  6283 | D:7      | Noticed Pikel
  6297 | D:7      | Killed Pikel
  6298 | D:7      | Reached skill level 7 in Axes
  7036 | D:7      | Reached XP level 10. HP: 63/63 MP: 10/10
  7082 | D:7      | Reached * piety under Trog
  7235 | D:7      | Reached skill level 8 in Axes
  7798 | D:8      | Noticed a gargoyle
  7813 | D:8      | Killed a gargoyle
  7814 | D:8      | Reached skill level 5 in Dodging
  8359 | D:8      | Noticed an angel
  8360 | D:8      | Found a glowing silver altar of Zin.
  8659 | D:9      | Noticed a kobold demonologist
  8660 | D:9      | Noticed Harold
  8660 | D:9      | Noticed a kobold demonologist
  8688 | D:8      | Noticed a sixfirhy
  8693 | D:8      | Killed a kobold demonologist
  8693 | D:8      | Reached ** piety under Trog
  8752 | D:9      | Noticed an orange demon
  8757 | D:9      | Killed Harold
  8758 | D:9      | Reached skill level 9 in Axes
  8761 | D:9      | Killed a kobold demonologist
  8762 | D:9      | Reached XP level 11. HP: 36/68 MP: 11/11
  9201 | D:9      | Found a large runed translucent door.
  9202 | D:9      | Found a large runed translucent door.
  9208 | D:9      | Noticed an eight-headed hydra
  9208 | D:9      | Noticed a deep elf pyromancer
  9273 | D:9      | Noticed a two-headed ogre
  9287 | D:9      | Killed a two-headed ogre
  9288 | D:9      | Found a large runed translucent door.
  9288 | D:9      | Found a large runed translucent door.
  9712 | D:9      | Noticed a boulder beetle
 10001 | D:9      | Killed a boulder beetle
 10002 | D:9      | Reached skill level 10 in Axes
 10162 | D:9      | Noticed a boulder beetle
 10172 | D:9      | Killed a boulder beetle
 10305 | D:10     | Entered Level 10 of the Dungeon
 10410 | D:10     | Noticed a two-headed ogre
 10473 | D:10     | Killed a two-headed ogre
 10527 | D:10     | Identified the +0 pair of gloves of the Doldrums {rF- Dex+6
                  | Slay+2 Stlth+}
 10712 | D:10     | Noticed Grum
 10729 | D:10     | Killed Grum
 10913 | D:10     | Reached XP level 12. HP: 62/76 MP: 12/12
 10913 | D:10     | Reached *** piety under Trog
 11518 | D:11     | Reached skill level 11 in Axes
 12042 | D:11     | Reached skill level 10 in Armour
 12124 | D:11     | Noticed a death yak
 12124 | D:11     | Noticed a death yak
 12204 | D:11     | Reached skill level 10 in Fighting
 12215 | D:11     | Slain by a shadow

Illustrated notes

Levels and vault maps discovered:
D:1:      wander_arrival_chamber, layout_loops_corners,
          dreamdust_ecumenical_altar_angels_and_demons, fountainhead
D:2:      layout_basic, basic_altar, minmay_quadrilaterals, uniq_robin
D:3:      layout_loops_cross, nicolae_dithmenos_shadow_blocks, uniq_jessica,
          uniq_natasha
D:4:      layout_gridville, grunt_qazlal_sundering, uniq_duvessa
D:5:      layout_rooms, grunt_temple_overflow_open, nicolae_shop_self_help
D:6:      layout_basic, grunt_gozag_statues
D:7:      minmay_polygon_palace, layout_basic, minmay_temple_entry_arrows,
          uniq_pikel
D:8:      layout_basic, zin_angel
D:9:      layout_cross, minivault_25, minmay_hollow_rounded_squares, uniq_harold
D:10:     layout_gridville, amethyst_killhole, uniq_grum
D:11:     layout_basic, dpeg_lair_monsters, david_orc_5, serial_undead,
          serial_undead_d, serial_undead_d, serial_undead_c, serial_undead_a,
          xom_shifter_show
D:12:     layout_long_grid
Temple:   hellmonk_temple_two_chambers

Skill      XL: |  1  2  3  4  5  6  7  8  9 10 11 12 |
---------------+-------------------------------------+-----
Axes           | 2 3 4 5 7 9 10 11 | 11.3
Shields        | 4 5 |  5.0
Dodging        | 1 2 3 4 5 6 7 |  7.0
Armour         | 4 5 7 8 9 10 | 10.0
Fighting       | 4 5 7 8 9 10 | 10.0
Throwing       | 1 2 |  2.0
Evocations     | 1 2 3 |  3.0

Action                   |  1- 3 |  4- 6 |  7- 9 | 10-12 || total
-------------------------+-------+-------+-------+-------++-------
Melee: War axe           |    86 |   200 |    65 |    63 ||   414
       Unarmed           |       |     2 |       |       ||     2
       Hand axe          |       |       |   247 |   578 ||   825
Throw: Dart              |       |     4 |     3 |    19 ||    26
Invok: Berserk           |       |       |       |     7 ||     7
       Trog's Hand       |       |       |       |     3 ||     3
  Use: Scroll            |       |     3 |    13 |     3 ||    19
       Potion            |       |     1 |       |     3 ||     4
 Stab: Distracted        |       |       |       |     1 ||     1
Armor: Scale mail        |    61 |    51 |       |   162 ||   274
       Ring mail         |       |    84 |   111 |       ||   195
       Leather armour    |       |       |    67 |   149 ||   216
Dodge: Dodged            |    58 |   123 |   190 |   277 ||   648
Block: Buckler           |    16 |    61 |    80 |   176 ||   333
